Unix NetHack Version 5.0.0-0 post-release - last build May 23 2026 06:08:33 (1c0ff79ee797540d5714e4e18072db0edd9e58ae,branch:main).

Game began 2026-05-29 03:03:43, ended 2026-05-29 06:18:27.

ArrBianca, neutral female human Tourist

                                               ---------
    --------                                   |.......|
    |......|                   #               |}...}...#
    |...>..-#######0  --------------           |...}.{.|#          -------
    |......|     #####|............|           |.....<.|#          |.....|
    |.......######   #|..{..........###        ---|-----#         #-.....|
    --|-----         #-.....*......|  #        ####    ##         #|.....|
      #              #|............|  ##       #      # ##        #-------
      ###            #|............|   ##     ##   ###  # #       ###
        ####         #--------------    ##   -o---#     ## #        #
           # #     ############          ##(d@.).:       #  #       #
        ---.-.--- ##          #####          |._{|       #   #      #
        |.......| #                          |...|       #   -.-----#
        |.......|##                          -----       #   |.....|#
        |.$......#                                       #   |...(.|#
        |.......|                                        ####-.....|
        |.......|                                            |.....|
        ---------                                            -------

ArrBianca the Sightseer     St:13 Dx:13 Co:12 In:11 Wi:11 Ch:16  Neutral
Dlvl:3  $:919 HP:0(34) Pw:17(17) AC:0  Xp:5 T:1752  Strained

Latest messages:
 The hill orc picks up a crude dagger.
 The hill orc throws a crude dagger!
 The crude dagger hits the hill orc.
 In what direction? l
 You feel more confident in your weapon skills.
 The dart hits the hill orc.
 The hill orc wields a crude dagger!
 You are now more skilled in dart.
 In what direction? l
 The dart hits the hill orc!
 The hill orc thrusts her crude dagger.
 The hill orc hits!
 The hill orc picks up a blessed +2 dart.
 In what direction? l
 You throw 2 darts.
 The 1st dart hits the hill orc!
 You kill the hill orc!
 The 2nd dart hits the hill orc!
 The hill orc picks up 2 blessed +2 darts.
 In what direction? l
 The dart hits the hill orc!
 The hill orc hits!
 In what direction? l
 You throw 2 darts.
 The 1st dart hits the hill orc.
 You kill the hill orc!
 You have much trouble lifting a hill orc corpse.  Continue? [ynq] (q) y
 You have much trouble lifting T - a hill orc corpse.
 You stagger under your heavy load.  Movement is very hard.
 You don't have enough stamina to move.
 You don't have enough stamina to move.
 You don't have enough stamina to move.
 You don't have enough stamina to move.
 You don't have enough stamina to move.
 You don't have enough stamina to move.
 You hear water falling on coins.
 You have much trouble lifting a - a blessed +2 dart (at the ready).
 U - a food ration.
 a - 5 blessed +2 darts (at the ready) (6 in total).
 V - an effervescent potion.
 There are several more objects here.
 There is a doorway here.
 You see here a hill orc corpse.
 Your little dog eats a hill orc corpse.
 The hill orc thrusts his crude dagger.
 The hill orc hits!
 The hill orc thrusts his crude dagger.
 The hill orc hits!
 You die...
 Do you want your possessions identified? [ynq] (y) q

Inventory:
 Coins    ('$')
  $ - 919 gold pieces
 Weapons  (')')
  a - 6 blessed +2 darts (at the ready)
 Armor    ('[')
  v - an uncursed greased +0 dwarvish iron helm (being worn)
  n - an uncursed greased +0 pair of iron shoes (being worn)
  x - an uncursed +0 Hawaiian shirt with a toucan motif (being worn)
  w - an uncursed greased +0 dwarvish mithril-coat (being worn)
 Comestibles  ('%')
  U - an uncursed food ration
  T - an uncursed hill orc corpse
  P - an uncursed lichen corpse
 Scrolls  ('?')
  K - an uncursed scroll of identify
  g - 3 uncursed scrolls of magic mapping
 Spellbooks  ('+')
  L - an uncursed spellbook of confuse monster
 Potions  ('!')
  V - a blessed potion of acid
  f - 2 uncursed potions of extra healing
  o - 3 uncursed potions of healing
  I - an uncursed potion of sleeping
 Tools    ('(')
  h - a blessed greased bag of holding containing 14 items
  j - an uncursed credit card
  i - an expensive camera (0:74)

Contents of the bag of holding:
  5 uncursed food rations
  a cursed food ration
  an uncursed lembas wafer
  an uncursed tin of jackal meat
  an uncursed partly eaten lichen corpse
  an uncursed scroll of gold detection
  an uncursed scroll of enchant weapon
  an uncursed spellbook of detect unseen
  an uncursed spellbook of cause fear
  an uncursed spellbook of wizard lock
  an uncursed skeleton key
  a can of grease (0:3)
  an uncursed jade stone
  2 uncursed worthless pieces of white glass

ArrBianca the Tourist's attributes:

Background:
 You were a Sightseer, a level 5 female human Tourist.
 You were neutral, on a mission for The Lady
 who was opposed by Blind Io (lawful) and Offler (chaotic).
 You were right-handed.
 You were in the Dungeons of Doom, on level 3.
 You entered the dungeon 1752 turns ago.
 You had 285 experience points, 35 more were needed to attain level 6.

Basics:
 You had 0 out of 34 hit points.
 You had all 17 energy points (spell power).
 Your armor class was 0.
 Your wallet contained 919 zorkmids.
 Autopickup was on for '$?!/="+%' plus thrown, with exceptions.

Final Characteristics:
 Your strength was 13 (limit:18/100).
 Your dexterity was 13 (limit:18).
 Your constitution was 12 (limit:18).
 Your intelligence was 11 (limit:18).
 Your wisdom was 11 (limit:18).
 Your charisma was 16 (limit:18).

Final Status:
 You weren't hungry.
 You were strained; movement was very slowed.
 You were bare handed.
 You were unskilled in bare handed combat.

Final Attributes:
 You were devoutly aligned.
 You saw invisible.
 You were telepathic.
 You were guarded.
 You were lucky.
 You are dead.

Miscellaneous:
 You didn't encounter any bones levels.
 Total elapsed playing time was 22 minutes and 16 seconds.

Major events:
 Turn
    1: ArrBianca the neutral female human Tourist entered the dungeon
  666: attained the rank of Sightseer (level 3)
  677: entered the Gnomish Mines
 1752: killed by a hill orc

You didn't know any spells.

Skills:
 Fighting Skills
   bare handed combat [Unskilled]
   two weapon combat  [Unskilled]
   riding             [Unskilled]
 Weapon Skills
   dagger             [Unskilled]
   knife              [Unskilled]
   axe                [Unskilled]
   pick-axe           [Unskilled]
   short sword        [Unskilled]
   broadsword         [Unskilled]
   long sword         [Unskilled]
   two-handed sword   [Unskilled]
   saber              [Unskilled]
   mace               [Unskilled]
   morning star       [Unskilled]
   flail              [Unskilled]
   hammer             [Unskilled]
   quarterstaff       [Unskilled]
   polearms           [Unskilled]
   spear              [Unskilled]
   trident            [Unskilled]
   lance              [Unskilled]
   bow                [Unskilled]
   sling              [Unskilled]
   crossbow           [Unskilled]
   dart               [Skilled]
   shuriken           [Unskilled]
   boomerang          [Unskilled]
   whip               [Unskilled]
   unicorn horn       [Unskilled]
 Spellcasting Skills
   divination spells  [Unskilled]
   enchantment spells [Unskilled]
   escape spells      [Unskilled]

Voluntary challenges:
 Character rerolling was not enabled.
 You never hit with a wielded weapon.
 You never genocided any monsters.
 You never polymorphed an object.
 You never changed form.
 You used no wishes.
Achievements:
 You entered a shop.
 You attained the rank of Sightseer.
 You entered the Gnomish Mines.

 The Dungeons of Doom: levels 1 to 4
    Level 1:
    Level 2:
       A scroll shop, an altar.
       Stairs down to The Gnomish Mines.
    Level 3: <- You were here.
       A weapon shop, an altar to The Lady, many fountains.
       Final resting place for
          you, killed by a hill orc.
    Level 4:
 The Gnomish Mines:
    Level 3:


Vanquished creatures:
  a rock mole
  2 gnome leaders
  2 floating eyes
  3 dwarves
  8 hill orcs
 an iguana
  2 acid blobs
  a gas spore
  2 giant rats
  8 gnomes
  a gecko
  a jackal
  2 foxes
  2 kobolds
  2 grid bugs
  4 lichens
  2 kobold zombies
  4 newts
48 creatures vanquished.

No species were genocided or became extinct.

Game over:
                       ----------
                      /          \
                     /    REST    \
                    /      IN      \
                   /     PEACE      \
                  /                  \
                  |    ArrBianca     |
                  |      919 Au      |
                  | killed by a hill |
                  |       orc        |
                  |                  |
                  |                  |
                  |       2026       |
                 *|     *  *  *      | *
        _________)/\\_//(\/(/\)/\//\/|_)_______

Aloha ArrBianca the Tourist...

You died in The Dungeons of Doom on dungeon level 3 with 1330 points,
and 919 pieces of gold, after 1752 moves.
You were level 5 with a maximum of 34 hit points when you died.

